 Dungeon Crawl Stone Soup version 0.28-a0-906-g0406aca7d3 (webtiles) character file.

Game seed: 9242992074475620371

335 karkarkar the Magician (level 6, 0/46 HPs)
             Began as a Djinni Conjurer on Nov 23, 2021.
             Slain by Sigmund (5 damage)
             ... on level 4 of the Dungeon.
             The game lasted 00:11:36 (3853 turns).

karkarkar the Magician (Djinni Conjurer)            Turns: 3853, Time: 00:11:37

Health: 0/46       AC:  3    Str:  6    XL:     6   Next: 84%
Gold:   118        EV: 12    Int: 27    God:
                   SH:  0    Dex: 12

rFire   + + .      SeeInvis .   (no weapon)
rCold   x . .      Faith    .   (no shield)
rNeg    . . .      Spirit   .   a - +0 robe
rPois   ∞          Reflect  .   (no helmet)
rElec   .          Harm     .   l - +0 cloak
rCorr   .          Rampage  .   (no gloves)
Will    .....                   (boots unavailable)
Stlth   ++........              (no amulet)
HPRegen 0.15/turn               n - +6 ring of intelligence
MPRegen 0.00/turn               (no ring)

@: flying
A: sickness immunity, fire resistance 2, cold vulnerability 1, float, innate
caster, hp casting, extra vitality 1
a: no special abilities


You were on level 4 of the Dungeon.
You visited 1 branch of the dungeon, and saw 4 of its levels.

You collected 118 gold pieces.

Inventory:

Missiles
 k - a poisoned dart (quivered)
 o - 2 boomerangs
Armour
 a - a +0 robe (worn)
 l - a +0 cloak (worn)
Jewellery
 n - a +6 ring of intelligence (left hand)
Scrolls
 b - 2 scrolls of enchant weapon
 e - a scroll of fear
 i - a scroll of noise
 j - a scroll of teleportation
Potions
 c - a potion of haste
 d - a potion of cancellation {unknown}
 f - a potion of curing {unknown}
 h - a potion of lignification {unknown}
 m - 2 potions of flight {unknown}


   Skills:
 * Level 3.0 Fighting
 + Level 0.1 Throwing
 + Level 2.4 Dodging
 + Level 2.3 Stealth
 + Level 5.0 Spellcasting


You couldn't memorise any spells.
You knew the following spells:

 Your Spells              Type           Power      Damage    Failure   Level
a - Magic Dart            Conj           100%       1d8       1%          1
b - Searing Ray           Conj           68%        2d6       1%          2
c - Dazzling Flash        Conj/Hex       68%        N/A       2%          3
d - Fulminant Prism       Conj/Hex       17%        3d11      9%          4
e - Iskenderun's Mystic   Conj/Tloc      34%        2d8       9%          4
f - Animate Skeleton      Necr           68%        N/A       1%          1
g - Ensorcelled Hibernat  Hex/Ice        68%        N/A       1%          2
Your spell library was empty.

Dungeon Overview and Level Annotations

Branches:
Dungeon (4/15)             Temple (0/1) D:4

Altars:

Annotations:
D:4 Sigmund


Innate Abilities, Weirdness & Mutations

You are immune to sickness and miasma.
You are immune to poison.
Your flesh is very heat resistant. (rF++)
You are vulnerable to cold. (rC-)
You float through the air rather than walking.
You learn spells naturally, not from books.
Your magical power is your life essence.
You have superior vitality. (+4 HP)


Message History

g - Guard the area. f - Follow me.
Anything else - Cancel.
Gang up on whom?
Press: ? - help, Dir - move target There's nothing there!
Throw: 2 darts (datura)
Press: ? - help, Q - select action, (/) - cycle Shift-Dir - straight line, f - you
Okay, then.
You swap places.
Throw: 2 darts (datura)
Press: ? - help, Q - select action, (/) - cycle Shift-Dir - straight line You throw a datura-tipped dart.
Something hits you.
Throw: dart (datura)
Press: ? - help, Q - select action, (/) - cycle Shift-Dir - straight line, f - you Really target yourself?
Okay, then.
Throw: dart (datura)
Press: ? - help, Q - select action, (/) - cycle Shift-Dir - straight line You throw a datura-tipped dart.
Something hits your hobgoblin skeleton!
Your hobgoblin skeleton is destroyed!
Throw: 2 darts (poison)
Press: ? - help, Q - select action, (/) - cycle Shift-Dir - straight line You throw a poisoned dart.
Something hits you! Something hits your gnoll skeleton!
Your gnoll skeleton is destroyed!
Something hits your orc skeleton!
Your orc skeleton is destroyed!
You hear a shout!
Something hits you!
* * * LOW HITPOINT WARNING * * *
Something hits you.
* * * LOW HITPOINT WARNING * * *
Something hits you.
* * * LOW HITPOINT WARNING * * *
You hear a shout!
Something hits you.
You die...

.##. .# ....# #. ..[.....
....###.. ......## #...#..
.<..(..# #..... .......##
##.>.#####..(....#
#.....#.(.)......#
#@..#.........#
##....()......#
#.#..).<....#.# ....
...#.....)....## ....
...#....#).#### .....
..............# .....
......#.#.#.#.# ......
.........#.#.....
......###................##


There were no monsters in sight!

Vanquished Creatures
  A scorpion (D:4)
  2 orc priests (D:3)
  4 gnolls (D:4)
  7 adders
  A dart slug (D:2)
  5 orcs
  4 bats
  10 endoplasms
  2 giant cockroaches
  3 goblins
  5 hobgoblins
  2 jackals (D:2)
  4 quokkas
  6 ball pythons
  2 frilled lizards (D:1)
  6 kobolds
  3 rats
67 creatures vanquished.

Vanquished Creatures (collateral kills)
  A water moccasin skeleton (D:4)
1 creature vanquished.

Vanquished Creatures (others)
  A fulminant prism (D:4)
1 creature vanquished.

Grand Total: 69 creatures vanquished

Notes
Turn   | Place    | Note
-------+----------+-------------------------------------------
     0 | D:1      | karkarkar the Djinni Conjurer began the quest for the Orb.
     0 | D:1      | Reached XP level 1. HP: 15/15 MP: 0/0
   218 | D:1      | Reached XP level 2. HP: 20/22 MP: 0/0
   808 | D:1      | Found a faded altar of an unknown god.
  1185 | D:2      | Reached skill level 1 in Fighting
  1185 | D:2      | Reached XP level 3. HP: 24/27 MP: 0/0
  1185 | D:2      | Learned a level 1 spell: Animate Skeleton
  1735 | D:2      | Reached XP level 4. HP: 27/32 MP: 0/0
  2280 | D:3      | Reached skill level 4 in Spellcasting
  2513 | D:3      | Reached XP level 5. HP: 33/38 MP: 0/0
  2513 | D:3      | Learned a level 2 spell: Ensorcelled Hibernation
  3545 | D:4      | Found a staircase to the Ecumenical Temple.
  3555 | D:4      | Reached XP level 6. HP: 36/45 MP: 0/0
  3576 | D:4      | Reached skill level 5 in Spellcasting
  3833 | D:4      | Noticed Sigmund
  3853 | D:4      | Slain by Sigmund

Illustrated notes

Levels and vault maps discovered:
D:1:      dpeg_arrival_rooms_b, layout_basic, ebering_ecumenical_altar_mist
D:2:      layout_basic
D:3:      layout_loops_cross, portal_sewer_entry_e
D:4:      layout_rooms, minmay_temple_entry_arrows, uniq_eustachio, uniq_sigmund

Skill      XL: |  1  2  3  4  5  6 |
---------------+-------------------+-----
Fighting       | 1 2 3 |  3.0
Spellcasting   | 4 5 |  5.0
Stealth        | 2 |  2.3
Throwing       | |  0.1
Dodging        | |  2.4

Action                   |  1- 3 |  4- 6 || total
-------------------------+-------+-------++-------
Melee: Unarmed           |     1 |       ||     1
Throw: Boomerang         |       |     2 ||     2
       Dart              |       |     6 ||     6
 Cast: Magic Dart        |    43 |    22 ||    65
       Searing Ray       |     8 |    30 ||    38
       Fulminant Prism   |       |     1 ||     1
       Animate Skeleton  |       |     5 ||     5
  Use: Scroll            |     3 |     4 ||     7
Armor: Robe              |     1 |     4 ||     5
Dodge: Dodged            |     3 |    18 ||    21

Table legend: (Time is in decaauts)
 A = Elapsed time spent in this place.
 B = Non-inter-level travel time spent in this place.
 C = Inter-level travel time spent in this place.
 D = Time resting spent in this place.
 E = Time spent auto-exploring this place.
 F = Levels seen in this place.
 G = Mean time per level.
                   A        B        C        D        E       F      G
               +--------+--------+--------+--------+--------+-----+--------+
         Total |   3854 |   3641 |    213 |    493 |   2578 |   4 |  963.5 |
       Dungeon |   3854 |   3641 |    213 |    493 |   2578 |   4 |  963.5 |
               +--------+--------+--------+--------+--------+-----+--------+

Top non-repeatable levels by time:
     D:3: 1542 daAuts
     D:2: 1204 daAuts
     D:1: 1014 daAuts
     D:4: 93 daAuts
